 Dungeon Crawl Stone Soup version 0.30-a0-739-gea05faddec (webtiles) character file.

Game seed: 2475946385041568616

71 kingofthe the Chopper (level 4, -1/41 HPs)
             Began as a Gnoll Chaos Knight on Feb 4, 2023.
             Was a Plaything of Xom.
             Slain by a culicivora (shapeshifter) (17 damage)
             ... on level 2 of the Dungeon.
             The game lasted 00:02:48 (936 turns).

kingofthe the Chopper (Gnoll Chaos Knight)           Turns: 936, Time: 00:02:49

Health: -1/41      AC:  6    Str: 11    XL:     4   Next: 24%
Magic:  5/5        EV: 10    Int: 17    God:    Xom [....*.]
Gold:   73         SH:  7    Dex: 14    Spells: 5/5 levels left

rFire   . . .      SeeInvis .    a - +0 hand axe (chaos)
rCold   . . .      Faith    .    f - +0 kite shield
rNeg    . . .      Spirit   .    b - +2 leather armour
rPois   .          Reflect  .    (no helmet)
rElec   .          Harm     .    (no cloak)
rCorr   .          Rampage  .    (no gloves)
Will    .....                    j - +0 pair of boots
Stlth   +                        (no amulet)
HPRegen 0.26/turn                i - +6 ring of intelligence
MPRegen 0.09/turn                (no ring)

@: unable to read
A: fangs 1, strong nose, distributed training, deterioration 1, inability to
read after injury 2
a: Renounce Religion


You were on level 2 of the Dungeon.
You worshipped Xom.
You were a beloved toy of Xom.
You visited 1 branch of the dungeon, and saw 2 of its levels.

You collected 73 gold pieces.

Inventory:

Hand Weapons
 a - a +0 hand axe of chaos (weapon)
Armour
 b - a +2 leather armour (worn)
 f - a +0 kite shield (worn)
 j - a +0 pair of boots (worn)
Jewellery
 i - a +6 ring of intelligence (left hand)
Scrolls
 g - 2 scrolls of identify {unknown}
Potions
 d - a potion of might {unknown}
 e - a potion of heal wounds {unknown}
 h - 2 potions of curing {unknown}
Miscellaneous
 c - a piece from Xom's chessboard (15/15) (quivered)


   Skills:
 + Level 6.6 Fighting
 + Level 1.1 Short Blades
 + Level 1.1 Long Blades
 + Level 6.6 Axes
 + Level 1.1 Maces & Flails
 + Level 1.1 Polearms
 + Level 1.1 Staves
 + Level 1.1 Ranged Weapons
 + Level 1.1 Throwing
 + Level 4.6 Armour
 + Level 2.7 Dodging
 + Level 1.1 Stealth
 + Level 1.1 Shields
 + Level 1.1 Unarmed Combat
 + Level 1.1 Spellcasting
 + Level 0.9 Conjurations
 + Level 0.9 Hexes
 + Level 0.9 Summonings
 + Level 0.9 Necromancy
 + Level 0.9 Translocations
 + Level 0.9 Transmutations
 + Level 0.9 Fire Magic
 + Level 0.9 Ice Magic
 + Level 0.9 Air Magic
 + Level 0.9 Earth Magic
 + Level 0.9 Poison Magic
 + Level 1.2 Invocations
 + Level 1.1 Evocations


You had 5 spell levels left.
You didn't know any spells.
Your spell library contained the following spells:

 Spells                   Type           Power      Damage    Failure   Level
 Ignite Poison            Fire/Tmut/Pois 4%         N/A       89%         3
 Kindle Blastsparks       Fire/Tloc/Air  8%         2d10      89%         3
 Freezing Cloud           Conj/Ice/Air   2%         6-21      100%        5


Dungeon Overview and Level Annotations

Branches:
Dungeon (2/15)

Altars:


Innate Abilities, Weirdness & Mutations

You have very sharp teeth.
Your uncanny sense of smell can sniff out nearby items.
Your experience applies equally to all skills.
Your body sometimes deteriorates upon taking damage.
You sometimes lose the ability to read scrolls when taking damage.


Message History

No target in view!
HP restored.
Things that are here:
a +0 club; a goblin corpse
g - 2 scrolls labelled VIALAKH RAESHO (gained 1)
A hobgoblin comes into view.
You block the hobgoblin's attack.
You hit the hobgoblin. You burn the hobgoblin.
You kill the hobgoblin!
No target in view!
A jackal comes into view.
A jackal comes into view. 2 jackals come into view.
You slash the jackal!
You kill the jackal!
You block the jackal's attack.
You hit the jackal but do no damage.
The jackal is poisoned.
The jackal closely misses you. x2
You hit the jackal.
You kill the jackal!
The jackal barely misses you.
You hit the jackal.
The jackal changes into a shapeshifter!
Xom thinks this is hilarious!
The shapeshifter changes into a culicivora!
You hit the culicivora.
The culicivora seems to grow stronger.
The culicivora is lightly wounded.
The culicivora bites you!!
Ouch! That really hurt!
The culicivora draws strength from your injuries!
You are too injured to fight recklessly!
You are too injured to fight recklessly!
You closely miss the culicivora. Your bite misses the culicivora.
The culicivora bites you but does no damage.
You block the culicivora's attack.
You miss the culicivora. You bite the culicivora.
The culicivora is lightly wounded.
The culicivora bites you!
You feel threatened and lose the ability to read scrolls!
You die...
Xom titters!

##############
#..hs@.......#
#.##########.#
#.# ####.# ##
∆ #.##.# #.# ∆
#.##.# #.. ∆
+.##.# #.#∆#.#
∆ #.##.# #.#
#.# ###....#


You could see a culicivora shaped shifter (strong) and a jackal.

Vanquished Creatures
  2 adders (D:2)
  A gnoll (D:1)
  A dart slug (D:1)
  7 ball pythons (D:1)
  3 endoplasms (D:1)
  A giant cockroach (D:1)
  3 goblins
  2 hobgoblins
  2 jackals (D:2)
  5 kobolds (D:1)
  A quokka (D:1)
  5 bats
  4 frilled lizards (D:1)
  A rat (D:2)
38 creatures vanquished.

Vanquished Creatures (others)
  3 plants (D:1)
3 creatures vanquished.

Grand Total: 41 creatures vanquished

Notes
Turn   | Place    | Note
-------+----------+-------------------------------------------
     0 | D:1      | kingofthe the Gnoll Chaos Knight began the quest for the
                  | Orb.
     0 | D:1      | Reached XP level 1. HP: 23/23 MP: 1/1
    73 | D:1      | XOM: silly message
   162 | D:1      | Reached XP level 2. HP: 29/29 MP: 2/2
   198 | D:1      | XOM: silly message
   200 | D:1      | XOM: polymorph ball python -> gnoll
   316 | D:1      | Reached XP level 3. HP: 35/35 MP: 3/3
   415 | D:1      | Found a faded altar of an unknown god.
   469 | D:1      | Reached skill level 1 in Invocations
   675 | D:1      | XOM: god gift: 50 gold pieces
   843 | D:2      | Reached skill level 1 in Short Blades
   843 | D:2      | Reached skill level 1 in Long Blades
   843 | D:2      | Reached skill level 1 in Maces & Flails
   843 | D:2      | Reached skill level 1 in Polearms
   843 | D:2      | Reached skill level 1 in Staves
   843 | D:2      | Reached skill level 1 in Ranged Weapons
   843 | D:2      | Reached skill level 1 in Throwing
   843 | D:2      | Reached skill level 1 in Stealth
   843 | D:2      | Reached skill level 1 in Shields
   843 | D:2      | Reached skill level 1 in Unarmed Combat
   843 | D:2      | Reached skill level 1 in Spellcasting
   843 | D:2      | Reached skill level 1 in Evocations
   856 | D:2      | XOM: give mutations
   856 | D:2      | Gained mutation: Your body sometimes deteriorates upon
                  | taking damage. [Xom's mischief]
   856 | D:2      | Gained mutation: You occasionally lose the ability to read
                  | scrolls when taking damage. [Xom's mischief]
   856 | D:2      | Gained mutation: You sometimes lose the ability to read
                  | scrolls when taking damage. [Xom's mischief]
   885 | D:2      | Reached XP level 4. HP: 41/41 MP: 5/5
   933 | D:2      | a jackal changed into a shapeshifter
   933 | D:2      | Noticed a shapeshifter (shapeshifter)
   933 | D:2      | a shapeshifter changed into a culicivora
   933 | D:2      | Noticed a culicivora (shapeshifter)
   936 | D:2      | Slain by a culicivora (shapeshifter)

Illustrated notes

Levels and vault maps discovered:
D:1:      dpeg_arrival_radiant, layout_basic, nicolae_ecumenical_snake_handling,
          serial_forest, infiniplex_forest_clump_curved,
          infiniplex_forest_lined_room_2, infiniplex_forest_clump_medium,
          infiniplex_forest_lined_room_2, infiniplex_forest_lined_3,
          infiniplex_forest_lined_4_way, infiniplex_forest_straight_4,
          infiniplex_forest_lined_3_way, infiniplex_forest_clump_large,
          infiniplex_forest_lined_3
D:2:      layout_loops_ring, basic_altar, minmay_goblin_kobold_house

Skill      XL: |  1  2  3 |
---------------+----------+-----
Invocations    | 1 |  1.2
Short Blades   | 1 |  1.1
Long Blades    | 1 |  1.1
Maces & Flails | 1 |  1.1
Polearms       | 1 |  1.1
Staves         | 1 |  1.1
Ranged Weapons | 1 |  1.1
Throwing       | 1 |  1.1
Stealth        | 1 |  1.1
Shields        | 1 |  1.1
Unarmed Combat | 1 |  1.1
Spellcasting   | 1 |  1.1
Evocations     | 1 |  1.1
Fighting       | |  6.6
Axes           | |  6.6
Armour         | |  4.6
Dodging        | |  2.7
Conjurations   | |  0.9
Hexes          | |  0.9
Summonings     | |  0.9
Necromancy     | |  0.9
Translocations | |  0.9
Transmutations | |  0.9
Fire Magic     | |  0.9
Ice Magic      | |  0.9
Air Magic      | |  0.9
Earth Magic    | |  0.9
Poison Magic   | |  0.9

Action                     |  1- 3 |  4- 6 || total
---------------------------+-------+-------++-------
  Melee: Hand axe          |    87 |    10 ||    97
         Bite              |    10 |     1 ||    11
   Stab: Sleeping          |     2 |       ||     2
 Armour: Leather armour    |    26 |     1 ||    27
  Dodge: Dodged            |    37 |     4 ||    41
  Block: Kite shield       |    13 |     3 ||    16

Table legend: (Time is in decaauts)
 A = Elapsed time spent in this place.
 B = Non-inter-level travel time spent in this place.
 C = Inter-level travel time spent in this place.
 D = Time resting spent in this place.
 E = Time spent auto-exploring this place.
 F = Levels seen in this place.
 G = Mean time per level.
                   A        B        C        D        E       F      G
               +--------+--------+--------+--------+--------+-----+--------+
         Total |    942 |    926 |     16 |      9 |    666 |   2 |  471.0 |
       Dungeon |    942 |    926 |     16 |      9 |    666 |   2 |  471.0 |
               +--------+--------+--------+--------+--------+-----+--------+

Top non-repeatable levels by time:
     D:1: 837 daAuts
     D:2: 105 daAuts
